[ PARTIDA AOE2 · #507871220 ]
UnrankedHunos vs Dravidians
Equipo del jugador · VICT
Equipo rival · DERR
[ ANÁLISIS DE REPETICIÓN · EXTRAÍDO DE LA PARTIDA GRABADA ]
Feudal
10:12
Castillos
23:18
Imperial
—
| APM promedio | 62.8 |
| APM pico | 99 |
| eAPM promedio | 29.4 |
| Aldeanos / militares | 49 / 53 |
Foco
⚔️ 33.9% · 🌾 66.1%
Archer ×35 · Knight ×8 · Militia ×3 · Skirmisher ×3 · Galley ×2 · Fire Galley ×2
Feudal
9:26
Castillos
—
Imperial
—
| APM promedio | 57.4 |
| APM pico | 101 |
| eAPM promedio | 27.7 |
| Aldeanos / militares | 60 / 26 |
Foco
⚔️ 22.3% · 🌾 77.7%
Skirmisher ×15 · Fishing Ship ×10 · Unknown (2626) ×6 · Militia ×5 · Archer ×4 · Spearman ×1
Mapa de la partida
Recursos iniciales + cada clic de construcción. Líneas = muros · curvas = relieve. ◆ oro · ⬟ piedra · ● bayas · ✦ reliquia · ◌ hueco del cierre
Tu base· Abierta — flanco sin cerrar
Base de PowerBug96· Abierta — flanco sin cerrar
Terreno inicial suavizado · ◌ = hueco del cierre detectado · pasá el cursor para detalles
Inputs por minuto
— Pedro - - PowerBug96
Build order — Pedro
Primeras 150 de 173 acciones detectadas
| 0:00 | Encolar | Villager (Male) |
| 0:01 | Encolar | Villager (Male) |
| 0:16 | Encolar | Villager (Male) |
| 0:27 | Encolar | Villager (Male) |
| 1:26 | Encolar | Villager (Male) |
| 1:26 | Encolar | Villager (Male) |
| 1:30 | Encolar | Villager (Male) |
| 2:13 | Construir | Lumber Camp |
| 2:16 | Encolar | Villager (Male) |
| 2:56 | Encolar | Villager (Male) |
| 2:59 | Encolar | Villager (Male) |
| 3:13 | Encolar | Villager (Male) |
| 3:24 | Encolar | Villager (Male) |
| 3:56 | Encolar | Villager (Male) |
| 4:17 | Encolar | Villager (Male) |
| 4:32 | Encolar | Villager (Male) |
| 4:48 | Encolar | Villager (Male) |
| 4:57 | Encolar | Villager (Male) |
| 5:14 | Encolar | Villager (Male) |
| 5:30 | Construir | Barracks |
| 5:39 | Encolar | Villager (Male) |
| 6:27 | Encolar | Militia |
| 6:28 | Encolar | Militia |
| 6:28 | Encolar | Militia |
| 6:41 | Construir | Mill |
| 7:05 | Encolar | Villager (Male) |
| 7:20 | Investigar | Loom |
| 8:02 | Investigar | Feudal Age |
| 8:02 | Investigar | Feudal Age |
| 8:02 | Investigar | Feudal Age |
| 8:07 | Construir | Lumber Camp |
| 8:38 | Encolar | Villager (Male) |
| 8:59 | Construir | Mining Camp |
| 9:18 | Encolar | Villager (Male) |
| 10:12 | Edad | Edad Feudal |
| 10:17 | Construir | Watch Tower |
| 10:19 | Investigar | Man-at-Arms (upgrade) |
| 10:20 | Investigar | Man-at-Arms (upgrade) |
| 10:22 | Investigar | Double-Bit Axe |
| 10:22 | Investigar | Double-Bit Axe |
| 10:23 | Encolar | Villager (Male) |
| 10:33 | Encolar | Villager (Male) |
| 10:40 | Encolar | Villager (Male) |
| 10:42 | Encolar | Villager (Male) |
| 10:53 | Construir | Archery Range |
| 10:57 | Construir | Palisade Wall |
| 10:58 | Construir | Palisade Wall |
| 11:00 | Construir | Palisade Wall |
| 11:02 | Construir | Palisade Wall |
| 11:02 | Construir | Palisade Wall |
| 11:04 | Construir | Palisade Wall |
| 11:04 | Construir | Palisade Wall |
| 11:08 | Encolar | Villager (Male) |
| 11:15 | Construir | Palisade Wall |
| 11:16 | Construir | Palisade Wall |
| 11:17 | Construir | Palisade Wall |
| 11:23 | Encolar | Villager (Male) |
| 11:32 | Encolar | Archer |
| 11:33 | Encolar | Archer |
| 11:39 | Encolar | Villager (Male) |
| 11:50 | Construir | Palisade Wall |
| 11:51 | Construir | Palisade Wall |
| 12:04 | Construir | Palisade Wall |
| 12:06 | Encolar | Archer |
| 12:07 | Encolar | Archer |
| 12:07 | Encolar | Archer |
| 12:14 | Encolar | Villager (Male) |
| 12:25 | Encolar | Archer |
| 12:34 | Construir | Archery Range |
| 12:49 | Encolar | Villager (Male) |
| 12:59 | Encolar | Archer |
| 12:59 | Encolar | Archer |
| 13:06 | Construir | Blacksmith |
| 13:11 | Encolar | Archer |
| 13:12 | Encolar | Archer |
| 13:25 | Encolar | Villager (Male) |
| 13:35 | Encolar | Archer |
| 13:35 | Encolar | Archer |
| 13:43 | Encolar | Villager (Male) |
| 14:01 | Encolar | Archer |
| 14:01 | Encolar | Archer |
| 14:08 | Investigar | Fletching |
| 14:09 | Investigar | Fletching |
| 14:11 | Construir | Farm |
| 14:17 | Encolar | Archer |
| 14:20 | Construir | Farm |
| 14:21 | Construir | Farm |
| 14:22 | Construir | Farm |
| 14:23 | Construir | Farm |
| 14:31 | Encolar | Archer |
| 14:31 | Encolar | Archer |
| 14:58 | Encolar | Archer |
| 14:58 | Encolar | Archer |
| 15:00 | Encolar | Villager (Male) |
| 15:04 | Construir | Farm |
| 15:13 | Encolar | Villager (Male) |
| 15:14 | Construir | Farm |
| 15:22 | Encolar | Villager (Male) |
| 15:24 | Construir | Farm |
| 15:26 | Encolar | Archer |
| 15:26 | Encolar | Archer |
| 15:36 | Encolar | Villager (Male) |
| 15:58 | Encolar | Archer |
| 15:58 | Encolar | Archer |
| 15:58 | Encolar | Archer |
| 16:15 | Encolar | Villager (Male) |
| 16:16 | Construir | Farm |
| 16:21 | Encolar | Skirmisher |
| 16:21 | Encolar | Skirmisher |
| 16:21 | Encolar | Skirmisher |
| 16:25 | Encolar | Villager (Male) |
| 16:28 | Construir | Farm |
| 16:31 | Encolar | Archer |
| 16:31 | Encolar | Archer |
| 16:31 | Encolar | Archer |
| 16:35 | Encolar | Villager (Male) |
| 16:37 | Encolar | Villager (Male) |
| 16:49 | Encolar | Archer |
| 16:50 | Encolar | Archer |
| 16:51 | Encolar | Villager (Male) |
| 16:54 | Construir | Farm |
| 17:06 | Encolar | Villager (Male) |
| 17:26 | Construir | Dock |
| 17:53 | Encolar | Archer |
| 17:53 | Encolar | Archer |
| 17:53 | Encolar | Archer |
| 17:54 | Encolar | Archer |
| 18:05 | Encolar | Villager (Male) |
| 18:11 | Construir | Farm |
| 18:22 | Encolar | Archer |
| 18:22 | Encolar | Archer |
| 18:24 | Construir | Farm |
| 18:32 | Encolar | Fishing Ship |
| 19:12 | Encolar | Villager (Male) |
| 19:24 | Construir | Farm |
| 19:26 | Construir | Farm |
| 19:32 | Encolar | Galley |
| 19:33 | Encolar | Galley |
| 19:42 | Construir | Market |
| 20:09 | Encolar | Villager (Male) |
| 20:12 | Construir | Farm |
| 20:13 | Construir | Farm |
| 20:38 | Investigar | Castle Age |
| 20:38 | Investigar | Castle Age |
| 20:39 | Investigar | Castle Age |
| 20:55 | Encolar | Fire Galley |
| 20:56 | Encolar | Fire Galley |
| 21:31 | Construir | Stable |
| 21:46 | Encolar | Villager (Male) |
| 21:48 | Investigar | Scale Barding Armor |
Build order — PowerBug96
Primeras 150 de 162 acciones detectadas
| 0:00 | Encolar | Villager (Male) |
| 0:01 | Encolar | Villager (Male) |
| 0:01 | Encolar | Villager (Male) |
| 0:02 | Construir | House |
| 0:03 | Construir | House |
| 0:23 | Encolar | Villager (Male) |
| 0:23 | Encolar | Villager (Male) |
| 1:20 | Construir | Lumber Camp |
| 1:28 | Encolar | Villager (Male) |
| 1:28 | Encolar | Villager (Male) |
| 2:04 | Encolar | Villager (Male) |
| 2:04 | Encolar | Villager (Male) |
| 2:30 | Encolar | Villager (Male) |
| 2:30 | Encolar | Villager (Male) |
| 2:50 | Encolar | Villager (Male) |
| 3:15 | Encolar | Villager (Male) |
| 3:15 | Encolar | Villager (Male) |
| 3:37 | Encolar | Villager (Male) |
| 3:44 | Construir | House |
| 3:59 | Construir | Dock |
| 4:02 | Construir | Palisade Wall |
| 4:03 | Construir | Palisade Wall |
| 4:09 | Encolar | Villager (Male) |
| 4:10 | Encolar | Villager (Male) |
| 4:35 | Encolar | Villager (Male) |
| 4:35 | Encolar | Villager (Male) |
| 4:41 | Encolar | Fishing Ship |
| 4:42 | Encolar | Fishing Ship |
| 4:56 | Encolar | Villager (Male) |
| 4:56 | Encolar | Villager (Male) |
| 5:21 | Encolar | Villager (Male) |
| 5:22 | Encolar | Fishing Ship |
| 5:22 | Encolar | Fishing Ship |
| 5:41 | Encolar | Fishing Ship |
| 5:51 | Encolar | Villager (Male) |
| 5:52 | Encolar | Villager (Male) |
| 6:06 | Encolar | Villager (Male) |
| 6:14 | Investigar | Loom |
| 7:00 | Construir | House |
| 7:16 | Investigar | Feudal Age |
| 7:16 | Investigar | Feudal Age |
| 7:50 | Construir | Barracks |
| 7:54 | Construir | House |
| 8:07 | Construir | Palisade Gate |
| 8:19 | Construir | Mining Camp |
| 8:20 | Encolar | Villager (Male) |
| 8:27 | Construir | House |
| 8:41 | Encolar | Militia |
| 8:41 | Encolar | Militia |
| 8:41 | Encolar | Militia |
| 8:55 | Encolar | Fishing Ship |
| 9:26 | Edad | Edad Feudal |
| 9:27 | Construir | Blacksmith |
| 9:29 | Encolar | Militia |
| 9:30 | Investigar | Man-at-Arms (upgrade) |
| 9:36 | Investigar | Double-Bit Axe |
| 9:48 | Encolar | Villager (Male) |
| 9:59 | Encolar | Villager (Male) |
| 10:05 | Encolar | Villager (Male) |
| 10:12 | Construir | House |
| 10:31 | Encolar | Villager (Male) |
| 10:37 | Construir | Archery Range |
| 10:47 | Encolar | Villager (Male) |
| 10:50 | Construir | House |
| 11:07 | Encolar | Spearman |
| 11:16 | Construir | Mill |
| 11:32 | Encolar | Villager (Male) |
| 11:36 | Encolar | Villager (Male) |
| 11:45 | Encolar | Archer |
| 11:45 | Encolar | Archer |
| 11:46 | Encolar | Archer |
| 12:29 | Construir | Mill |
| 12:32 | Encolar | Archer |
| 12:52 | Encolar | Villager (Male) |
| 12:52 | Encolar | Villager (Male) |
| 13:05 | Encolar | Fishing Ship |
| 13:13 | Construir | Market |
| 13:36 | Encolar | Villager (Male) |
| 13:43 | Encolar | Villager (Male) |
| 13:59 | Encolar | Villager (Male) |
| 14:04 | Encolar | Militia |
| 14:19 | Construir | Archery Range |
| 14:48 | Encolar | Villager (Male) |
| 15:03 | Encolar | Villager (Male) |
| 15:03 | Encolar | Villager (Male) |
| 15:04 | Construir | House |
| 15:05 | Construir | House |
| 15:12 | Construir | Lumber Camp |
| 15:14 | Encolar | Villager (Male) |
| 15:18 | Encolar | Skirmisher |
| 15:18 | Encolar | Skirmisher |
| 15:19 | Encolar | Villager (Male) |
| 15:38 | Encolar | Villager (Male) |
| 16:03 | Encolar | Villager (Male) |
| 16:07 | Encolar | Fishing Ship |
| 16:09 | Encolar | Skirmisher |
| 16:20 | Investigar | Padded Archer Armor |
| 16:20 | Investigar | Fletching |
| 16:27 | Construir | Watch Tower |
| 16:40 | Encolar | Skirmisher |
| 17:00 | Encolar | Skirmisher |
| 17:10 | Construir | House |
| 17:11 | Construir | House |
| 17:17 | Encolar | Villager (Male) |
| 17:26 | Encolar | Skirmisher |
| 17:46 | Encolar | Skirmisher |
| 17:50 | Encolar | Villager (Male) |
| 17:52 | Construir | Archery Range |
| 18:02 | Construir | Mining Camp |
| 18:10 | Encolar | Villager (Male) |
| 18:21 | Encolar | Skirmisher |
| 18:21 | Encolar | Skirmisher |
| 18:32 | Encolar | Villager (Male) |
| 18:39 | Encolar | Skirmisher |
| 18:41 | Encolar | Villager (Male) |
| 18:51 | Encolar | Skirmisher |
| 18:51 | Encolar | Skirmisher |
| 19:01 | Encolar | Villager (Male) |
| 19:07 | Encolar | Unit 2626 |
| 19:07 | Encolar | Unit 2626 |
| 19:07 | Encolar | Unit 2626 |
| 19:22 | Encolar | Villager (Male) |
| 19:26 | Construir | House |
| 19:27 | Construir | House |
| 19:34 | Encolar | Villager (Male) |
| 19:53 | Construir | House |
| 19:54 | Construir | House |
| 19:59 | Construir | Watch Tower |
| 20:19 | Construir | Watch Tower |
| 20:21 | Encolar | Villager (Male) |
| 20:26 | Investigar | Horse Collar |
| 20:32 | Investigar | Gold Mining |
| 20:32 | Investigar | Gold Mining |
| 20:35 | Construir | House |
| 20:38 | Construir | House |
| 20:41 | Encolar | Fishing Ship |
| 20:42 | Encolar | Fishing Ship |
| 21:05 | Construir | House |
| 21:23 | Encolar | Fire Galley |
| 21:24 | Investigar | Tech 906 |
| 21:25 | Encolar | Villager (Male) |
| 21:31 | Encolar | Villager (Male) |
| 21:33 | Construir | Farm |
| 21:36 | Construir | Farm |
| 21:57 | Encolar | Villager (Male) |
| 22:00 | Construir | Farm |
| 22:07 | Construir | Farm |
| 22:10 | Encolar | Villager (Male) |
| 22:32 | Construir | Farm |
| 22:36 | Construir | Farm |
Cronología de la partida
| 3:59 | PowerBug96 · first_building Dock |
| 4:02 | PowerBug96 · wall_segment Palisade Wall x1 |
| 4:03 | PowerBug96 · wall_segment Palisade Wall x1 |
| 5:30 | Pedro · first_building Barracks |
| 7:50 | PowerBug96 · first_building Barracks |
| 9:26 | PowerBug96 · age_up feudal |
| 10:12 | Pedro · age_up feudal |
| 10:37 | PowerBug96 · first_building Archery Range |
| 10:53 | Pedro · first_building Archery Range |
| 10:57 | Pedro · wall_segment Palisade Wall x1 |
| 10:58 | Pedro · wall_segment Palisade Wall x1 |
| 11:00 | Pedro · wall_segment Palisade Wall x1 |
| 11:02 | Pedro · wall_segment Palisade Wall x1 |
| 11:02 | Pedro · wall_segment Palisade Wall x1 |
| 11:04 | Pedro · wall_segment Palisade Wall x1 |
| 11:04 | Pedro · wall_segment Palisade Wall x1 |
| 11:15 | Pedro · wall_segment Palisade Wall x1 |
| 11:16 | Pedro · wall_segment Palisade Wall x1 |
| 11:17 | Pedro · wall_segment Palisade Wall x1 |
| 11:50 | Pedro · wall_segment Palisade Wall x1 |
| 11:51 | Pedro · wall_segment Palisade Wall x1 |
| 12:04 | Pedro · wall_segment Palisade Wall x1 |
| 14:23 | PowerBug96 · first_market_buy 100 food |
| 17:26 | Pedro · first_building Dock |
| 20:37 | Pedro · first_market_sell 100 wood |
| 21:31 | Pedro · first_building Stable |
| 21:41 | PowerBug96 · first_market_sell 100 stone |
| 23:18 | Pedro · age_up castle |
| 24:11 | PowerBug96 · resign |
[ ANÁLISIS IA · 1 CRÉDITO ]
¿Qué pasó realmente en esta partida?
Wolo.gg analiza cada decisión: build order, eco, micro, errores típicos por bracket. Análisis personalizado por WhatsApp o Discord en 30 segundos.
Guía civ
Hunos
Perfil
Pedro